3L
CHICAGO HAWKS @ MONTANA PANDAS
07/04/2026
 
TOP OF THE 1ST
Chicago Hawks batting - Pitching for Montana Pandas : LHP Seung-hyeon So
Pitching: LHP Seung-hyeon So
Batting: RHB Diego Bonilla 0-0: Ball
1-0: Ball
2-0: Called Strike
2-1: Ground out 5-3 (Groundball, 56S)
Batting: RHB Vincente Rotham 0-0: Fly out, F8 (Flyball, 89M)
Batting: LHB Raúl Aguirre 0-0: Ball
1-0: Ball
2-0: Called Strike
2-1: Ground out 4-3 (Groundball, 34)
Top of the 1st over - 0 run(s), 0 hit(s), 0 error(s), 0 left on base; Chicago 0 - Montana 0
BOTTOM OF THE 1ST
Montana Pandas batting - Pitching for Chicago Hawks : RHP Horace McKenzie
Pitching: RHP Horace McKenzie
Batting: RHB Arlen Joysey 0-0: Called Strike
0-1: Ground out 6-3 (Groundball, 6)
Batting: SHB Ramiro Salazar 0-0: Fly out, F9 (Line Drive, 89D)
Batting: RHB Gaston Waller 0-0: Foul Ball, location: 2F
0-1: Swinging Strike
0-2: Ball
1-2: Strikes out swinging
Bottom of the 1st over - 0 run(s), 0 hit(s), 0 error(s), 0 left on base; Chicago 0 - Montana 0
TOP OF THE 2ND
Chicago Hawks batting - Pitching for Montana Pandas : LHP Seung-hyeon So
Batting: LHB Jeff Rutherford 0-0: Called Strike
0-1: Called Strike
0-2: Foul Ball, location: 2F
0-2: Strikes out swinging
Batting: RHB Pablo Trujillo 0-0: Called Strike
0-1: Ball
1-1: Called Strike
1-2: Ball
2-2: Ball
3-2: Strikes out swinging
Batting: LHB Scott Janousek 0-0: Ball
1-0: Ball
2-0: Called Strike
2-1: Swinging Strike
2-2: Strikes out swinging
Top of the 2nd over - 0 run(s), 0 hit(s), 0 error(s), 0 left on base; Chicago 0 - Montana 0
BOTTOM OF THE 2ND
Montana Pandas batting - Pitching for Chicago Hawks : RHP Horace McKenzie
Batting: LHB Ray Sears 0-0: Called Strike
0-1: Called Strike
0-2: Ball
1-2: Ball
2-2: Ball
3-2: Base on Balls
Batting: LHB Chad Armstrong 0-0: Ball
1-0: Fly out, F9 (Flyball, 9LM)
Batting: LHB Joaquín Rangel 0-0: Ball
1-0: Ball
2-0: Called Strike
2-1: SINGLE (Flyball, 9S)
Ray Sears to second
Runner from 2nd tries for 3rd, SAFE, throw made to third
Batting: RHB Akihiko Oike 0-0: Ball
1-0: Called Strike
1-1: Ball
2-1: Grounds into double play, 1-6-3 (Groundball, 13)
Bottom of the 2nd over - 0 run(s), 1 hit(s), 0 error(s), 1 left on base; Chicago 0 - Montana 0
TOP OF THE 3RD
Chicago Hawks batting - Pitching for Montana Pandas : LHP Seung-hyeon So
Batting: LHB Mike Pace 0-0: Ball
1-0: Called Strike
1-1: Ball
2-1: Foul Ball, location: 2F
2-2: Strikes out swinging
Batting: RHB Pedro Longoria 0-0: Foul Ball, location: 2F
0-1: Ground out 6-3 (Groundball, 6)
Batting: RHB Lorenzo Sabastro 0-0: Called Strike
0-1: Swinging Strike
0-2: Strikes out swinging
Top of the 3rd over - 0 run(s), 0 hit(s), 0 error(s), 0 left on base; Chicago 0 - Montana 0
BOTTOM OF THE 3RD
Montana Pandas batting - Pitching for Chicago Hawks : RHP Horace McKenzie
Batting: LHB Héctor Cortéz 0-0: Ball
1-0: Ball
2-0: Ball
3-0: Base on Balls
Batting: RHB Pancho Salaedo 0-0: Called Strike
0-1: Called Strike
0-2: Ball
1-2: Ball
2-2: SINGLE (Line Drive, 56)
Héctor Cortéz to second
Batting: RHB Arlen Joysey 0-0: Ball
1-0: Foul Ball, location: 2F
1-1: Called Strike
1-2: Foul Ball, location: 2F
1-2: Fly out, F8 (Flyball, 8LM)
Batting: SHB Ramiro Salazar 0-0: Ball
1-0: Ball
2-0: Called Strike
2-1: Swinging Strike
2-2: Foul Ball, location: 2F
2-2: Fly out, F8 (Flyball, 8RM)
Batting: RHB Gaston Waller 0-0: Swinging Strike
0-1: Ball
1-1: Ball
2-1: Foul Ball, location: 2F
2-2: Fielders Choice at 2nd, 6-4 (Groundball, 6)
Bottom of the 3rd over - 0 run(s), 1 hit(s), 0 error(s), 1 left on base; Chicago 0 - Montana 0
TOP OF THE 4TH
Chicago Hawks batting - Pitching for Montana Pandas : LHP Seung-hyeon So
Batting: RHB Diego Bonilla 0-0: Called Strike
0-1: Called Strike
0-2: Ball
1-2: Strikes out swinging
Batting: RHB Vincente Rotham 0-0: Called Strike
0-1: Called Strike
0-2: Ball
1-2: Strikes out swinging
Batting: LHB Raúl Aguirre 0-0: Ball
1-0: Swinging Strike
1-1: Foul Ball, location: 2F
1-2: Ground out 4-3 (Groundball, 4M)
Top of the 4th over - 0 run(s), 0 hit(s), 0 error(s), 0 left on base; Chicago 0 - Montana 0
BOTTOM OF THE 4TH
Montana Pandas batting - Pitching for Chicago Hawks : RHP Horace McKenzie
Batting: LHB Ray Sears 0-0: Ground out 4-3 (Groundball, 4)
Batting: LHB Chad Armstrong 0-0: Ball
1-0: Called Strike
1-1: Ball
2-1: Ball
3-1: Foul Ball, location: 2F
3-2: Base on Balls
Batting: LHB Joaquín Rangel 0-0: Called Strike
0-1: Swinging Strike
0-2: Ball
1-2: Foul Ball, location: 2F
1-2: Strikes out swinging
Batting: RHB Akihiko Oike 0-0: Called Strike
0-1: SINGLE (Flyball, 9S)
Chad Armstrong to second
Batting: LHB Héctor Cortéz 0-0: SINGLE (Line Drive, 89M)
Chad Armstrong to third
Akihiko Oike to second
Runner from 3rd tries for Home, SAFE, no throw
Batting: RHB Pancho Salaedo 0-0: Foul Ball, location: 2F
0-1: SINGLE (Groundball, 34D)
Akihiko Oike to third
Héctor Cortéz to second
Runner from 3rd tries for Home, SAFE, no throw
Batting: RHB Arlen Joysey 0-0: Called Strike
0-1: Ball
1-1: Called Strike
1-2: Foul Ball, location: 2F
1-2: Ball
2-2: Fly out, F8 (Flyball, 78XD)
Bottom of the 4th over - 2 run(s), 3 hit(s), 0 error(s), 2 left on base; Chicago 0 - Montana 2
TOP OF THE 5TH
Chicago Hawks batting - Pitching for Montana Pandas : LHP Seung-hyeon So
Batting: LHB Jeff Rutherford 0-0: Called Strike
0-1: Called Strike
0-2: Ball
1-2: Foul Ball, location: 2F
1-2: Strikes out swinging
Batting: RHB Pablo Trujillo 0-0: Ball
1-0: Swinging Strike
1-1: Swinging Strike
1-2: Ball
2-2: DOUBLE (Line Drive, 78XD)
Batting: LHB Scott Janousek 0-0: Foul Ball, location: 2F
0-1: Ball
1-1: Foul Ball, location: 2F
1-2: Ball
2-2: Fly out, F7 (Flyball, 78M)
Batting: LHB Mike Pace 0-0: Ground out U3 (Groundball, 34)
Top of the 5th over - 0 run(s), 1 hit(s), 0 error(s), 1 left on base; Chicago 0 - Montana 2
BOTTOM OF THE 5TH
Montana Pandas batting - Pitching for Chicago Hawks : RHP Horace McKenzie
Batting: SHB Ramiro Salazar 0-0: Ball
1-0: Fly out, F7 (Flyball, 7)
Batting: RHB Gaston Waller 0-0: Ball
1-0: SINGLE (Line Drive, 6MD)
Batting: LHB Ray Sears 0-0: Ball
1-0: Ball
2-0: DOUBLE (Groundball, 5L)
Gaston Waller to third
Batting: LHB Chad Armstrong 0-0: Ball
1-0: Called Strike
1-1: Foul Ball, location: 2F
1-2: 3-RUN HOME RUN (Flyball, 9D), Distance : 358 ft
Batting: LHB Joaquín Rangel 0-0: Ball
1-0: Swinging Strike
1-1: Foul Ball, location: 2F
1-2: SINGLE (Line Drive, 4D)
Batting: RHB Akihiko Oike 0-0: Ball
1-0: Fly out, F8 (Line Drive, 8LM)
Batting: LHB Héctor Cortéz 0-0: Fly out, F8 (Flyball, 8RD)
Bottom of the 5th over - 3 run(s), 4 hit(s), 0 error(s), 1 left on base; Chicago 0 - Montana 5
TOP OF THE 6TH
Chicago Hawks batting - Pitching for Montana Pandas : LHP Seung-hyeon So
Batting: RHB Pedro Longoria 0-0: Ball
1-0: Ground out 5-3 (Groundball, 5)
Batting: RHB Lorenzo Sabastro 0-0: DOUBLE (Flyball, 78XD)
Batting: RHB Diego Bonilla 0-0: Ground out 3-1 (Groundball, 34S)
Lorenzo Sabastro to third
Batting: RHB Vincente Rotham 0-0: Called Strike
0-1: Foul Ball, location: 2F
0-2: Strikes out looking
Top of the 6th over - 0 run(s), 1 hit(s), 0 error(s), 1 left on base; Chicago 0 - Montana 5
BOTTOM OF THE 6TH
Montana Pandas batting - Pitching for Chicago Hawks : RHP Horace McKenzie
Pitching: RHP Mark Bell
Batting: RHB Pancho Salaedo 0-0: Hit by Pitch
Batting: RHB Arlen Joysey 0-0: Foul Ball, location: 2F
0-1: Ball
1-1: Foul Ball, location: 2F
1-2: Foul Ball, location: 2F
1-2: Foul Ball, location: 2F
1-2: Ball
2-2: Strikes out swinging
Batting: SHB Ramiro Salazar 0-0: Ball
1-0: Ground out 4-3 (Groundball, 4D)
Pancho Salaedo to second
Batting: RHB Gaston Waller 0-0: Ball
1-0: Called Strike
1-1: Foul Ball, location: 2F
1-2: Ball
2-2: Strikes out swinging
Bottom of the 6th over - 0 run(s), 0 hit(s), 0 error(s), 1 left on base; Chicago 0 - Montana 5
TOP OF THE 7TH
Chicago Hawks batting - Pitching for Montana Pandas : LHP Seung-hyeon So
Batting: LHB Raúl Aguirre 0-0: Ball
1-0: Fly out, F8 (Flyball, 8LM)
Batting: LHB Jeff Rutherford 0-0: Ball
1-0: Called Strike
1-1: Ball
2-1: Swinging Strike
2-2: Strikes out swinging
Batting: RHB Pablo Trujillo 0-0: Fly out, F8 (Flyball, 8LS)
Top of the 7th over - 0 run(s), 0 hit(s), 0 error(s), 0 left on base; Chicago 0 - Montana 5
BOTTOM OF THE 7TH
Montana Pandas batting - Pitching for Chicago Hawks : RHP Mark Bell
Batting: LHB Ray Sears 0-0: Foul Ball, location: 2F
0-1: Swinging Strike
0-2: Strikes out looking
Batting: LHB Chad Armstrong 0-0: Ball
1-0: Called Strike
1-1: Ball
2-1: Called Strike
2-2: Ball
3-2: Base on Balls
Batting: LHB Joaquín Rangel 0-0: Ball
1-0: Ball
2-0: Ball
3-0: Called Strike
3-1: Foul Ball, location: 2F
3-2: Fly out, F7 (Line Drive, 78D)
Batting: RHB Akihiko Oike 0-0: Ball
1-0: SINGLE (Groundball, 56D)
Chad Armstrong to second
Batting: LHB Héctor Cortéz 0-0: Ball
1-0: Foul Ball, location: 2F
1-1: Swinging Strike
1-2: Foul Ball, location: 2F
1-2: Strikes out swinging
Bottom of the 7th over - 0 run(s), 1 hit(s), 0 error(s), 2 left on base; Chicago 0 - Montana 5
TOP OF THE 8TH
Chicago Hawks batting - Pitching for Montana Pandas : LHP Seung-hyeon So
Batting: LHB Scott Janousek 0-0: Called Strike
0-1: Called Strike
0-2: Ball
1-2: Ground out 3-1 (Groundball, 34S)
Pitching: LHP Greg Jordan
Batting: LHB Mike Pace 0-0: Called Strike
0-1: Foul Ball, location: 2F
0-2: Ball
1-2: Ball
2-2: Strikes out swinging
Batting: RHB Pedro Longoria 0-0: Ground out 6-3 (Groundball, 6)
Top of the 8th over - 0 run(s), 0 hit(s), 0 error(s), 0 left on base; Chicago 0 - Montana 5
BOTTOM OF THE 8TH
Montana Pandas batting - Pitching for Chicago Hawks : RHP Mark Bell
Pitching: RHP Connor Phelps
Batting: RHB Pancho Salaedo 0-0: Called Strike
0-1: Called Strike
0-2: Foul Ball, location: 2F
0-2: Ground out 5-3 (Groundball, 56S)
Batting: RHB Arlen Joysey 0-0: Ball
1-0: Ball
2-0: Ball
3-0: Base on Balls
Batting: SHB Ramiro Salazar 0-0: Grounds into double play, 4-6-3 (Groundball, 4M)
Bottom of the 8th over - 0 run(s), 0 hit(s), 0 error(s), 0 left on base; Chicago 0 - Montana 5
TOP OF THE 9TH
Chicago Hawks batting - Pitching for Montana Pandas : LHP Greg Jordan
Batting: RHB Lorenzo Sabastro 0-0: Ball
1-0: Ball
2-0: Called Strike
2-1: Ground out 5-3 (Groundball, 5)
Batting: RHB Diego Bonilla 0-0: SOLO HOME RUN (Flyball, 78XD), Distance : 381 ft
Batting: RHB Vincente Rotham 0-0: Ground out U3 (Groundball, 3S)
Batting: LHB Raúl Aguirre 0-0: Called Strike
0-1: Swinging Strike
0-2: Strikes out swinging
Top of the 9th over - 1 run(s), 1 hit(s), 0 error(s), 0 left on base; Chicago 1 - Montana 5
Monday, March 20th, 2017 - OOTP Baseball 17.12 Build 75